PCL
MILE HIGH BRONCOS @ LAS VEGAS STARS
08/06/2023
 
TOP OF THE 1ST
Mile High Broncos batting - Pitching for Las Vegas Stars : RHP Tim Harmon
Pitching: RHP Tim Harmon
Batting: RHB Damian Yates 0-0: Ball
1-0: SINGLE (Groundball, 6M)
Batting: RHB Phil White 0-0: Ball
1-0: Ball
2-0: Called Strike
2-1: Called Strike
2-2: Foul Ball, location: 2F
2-2: Foul Ball, location: 2F
2-2: Foul Ball, location: 2F
2-2: Strikes out swinging
Batting: RHB António Martínez 0-0: Ball
Damian Yates steals 2nd base
1-0: Ball
2-0: Foul Ball, location: 2F
2-1: SINGLE (Line Drive, 3)
Damian Yates to third
Batting: RHB Juan Jose Guevana 0-0: Ball
1-0: Called Strike
1-1: Foul Ball, location: 2F
1-2: Foul Ball, location: 2F
1-2: Strikes out looking
Batting: RHB Jesús Espinoza 0-0: Ball
1-0: Called Strike
1-1: Ball
2-1: Ball
3-1: Called Strike
3-2: Strikes out looking
Top of the 1st over - 0 run(s), 2 hit(s), 0 error(s), 2 left on base; Mile High 0 - Las Vegas 0
BOTTOM OF THE 1ST
Las Vegas Stars batting - Pitching for Mile High Broncos : RHP Dave Powers
Pitching: RHP Dave Powers
Batting: RHB Tae-kwon Kwon 0-0: SINGLE (Groundball, 6M)
Batting: RHB Brian George 0-0: Called Strike
0-1: Foul Ball, location: 2F
Pickoff Throw to First - Out!
0-2: Foul Ball, location: 2F
0-2: Ball
1-2: Ball
2-2: Foul Ball, location: 2F
2-2: Ball
3-2: Ground out 1-3 (Groundball, 13S)
Batting: RHB Cole Bradley 0-0: Foul Ball, location: 2F
0-1: Called Strike
0-2: SINGLE (Line Drive, 6M)
Batting: LHB Ricardo Vargas 0-0: Foul Ball, location: 2F
0-1: Ball
1-1: Foul Ball, location: 2F
1-2: Ball
2-2: 2-RUN HOME RUN (Flyball, 9D), Distance : 417 ft
Batting: LHB Evan Slootweg 0-0: SINGLE (Line Drive, 4MD)
Batting: LHB Eliot Helen 0-0: Called Strike
0-1: Foul Ball, location: 2F
0-2: Ball
1-2: Ball
2-2: Foul Ball, location: 2F
2-2: Ball
3-2: Ground out 4-3 (Groundball, 4M)
Bottom of the 1st over - 2 run(s), 4 hit(s), 0 error(s), 1 left on base; Mile High 0 - Las Vegas 2
TOP OF THE 2ND
Mile High Broncos batting - Pitching for Las Vegas Stars : RHP Tim Harmon
Batting: RHB Ximena Campos 0-0: Foul Ball, location: 2F
0-1: Ball
1-1: Called Strike
1-2: Ground out 6-3 (Groundball, 6)
Batting: RHB Su-kweon Yu 0-0: Ball
1-0: Ball
2-0: Ball
3-0: Called Strike
3-1: Called Strike
3-2: Ground out 6-3 (Groundball, 6)
Batting: SHB Tom Stevens 0-0: Called Strike
0-1: Ball
1-1: Ball
2-1: TRIPLE (Groundball, 3L)
Batting: RHB Jung-ha Kim 0-0: Called Strike
0-1: Swinging Strike
0-2: Ball
1-2: Foul Ball, location: 2F
1-2: Fly out, F8 (Flyball, 8RM)
Top of the 2nd over - 0 run(s), 1 hit(s), 0 error(s), 1 left on base; Mile High 0 - Las Vegas 2
BOTTOM OF THE 2ND
Las Vegas Stars batting - Pitching for Mile High Broncos : RHP Dave Powers
Batting: RHB Vicente Salgado 0-0: Called Strike
0-1: Swinging Strike
0-2: SINGLE (Groundball, 6MD)
Batting: RHB Jeremy Atkins 0-0: Called Strike
0-1: Grounds into double play, 5-4-3 (Groundball, 56)
Batting: RHB Bill McGrath 0-0: Ball
1-0: Ball
2-0: Called Strike
2-1: Ball
3-1: Called Strike
3-2: Foul Ball, location: 2F
3-2: Ground out 5-3 (Groundball, 5)
Bottom of the 2nd over - 0 run(s), 1 hit(s), 0 error(s), 0 left on base; Mile High 0 - Las Vegas 2
TOP OF THE 3RD
Mile High Broncos batting - Pitching for Las Vegas Stars : RHP Tim Harmon
Batting: RHB Damian Yates 0-0: Ball
1-0: Swinging Strike
1-1: Foul Ball, location: 2F
1-2: Ball
2-2: Fly out, F9 (Flyball, 9M)
Batting: RHB Phil White 0-0: Foul Ball, location: 2F
0-1: Fly out, F8 (Flyball, 89D)
Batting: RHB António Martínez 0-0: Ball
1-0: Called Strike
1-1: Fly out, F9 (Flyball, 9S)
Top of the 3rd over - 0 run(s), 0 hit(s), 0 error(s), 0 left on base; Mile High 0 - Las Vegas 2
BOTTOM OF THE 3RD
Las Vegas Stars batting - Pitching for Mile High Broncos : RHP Dave Powers
Batting: RHB Tae-kwon Kwon 0-0: Ball
1-0: Foul Ball, location: 2F
1-1: SINGLE (Line Drive, 4M)
Batting: RHB Brian George 0-0: Ball
1-0: Ball
2-0: Swinging Strike
2-1: DOUBLE (Line Drive, 78M)
Tae-kwon Kwon to third
Runner from 3rd tries for Home, SAFE, throw made at trailing runner, SAFE at third!
Batting: RHB Cole Bradley 0-0: Ground out 1-3 (Groundball, 13S)
Batting: LHB Ricardo Vargas 0-0: Ball
1-0: Ball
2-0: Ball
3-0: Called Strike
3-1: Base on Balls
Batting: LHB Evan Slootweg 0-0: Swinging Strike
0-1: Ball
1-1: Ball
2-1: Swinging Strike
2-2: Ball
3-2: Foul Ball, location: 2F
Reached via error on a dropped throw, E6
Brian George scores
Ricardo Vargas to second
Batting: LHB Eliot Helen 0-0: Fielders Choice at 2nd, 4-6 (Groundball, 4)
Ricardo Vargas to third
Batting: RHB Vicente Salgado 0-0: Swinging Strike
0-1: Ball
1-1: Ball
2-1: SINGLE (Line Drive, 6MD)
Ricardo Vargas scores
Eliot Helen to second
Batting: RHB Jeremy Atkins 0-0: Called Strike
0-1: Ball
1-1: Fly out, F7 (Line Drive, 78M)
Bottom of the 3rd over - 3 run(s), 3 hit(s), 1 error(s), 2 left on base; Mile High 0 - Las Vegas 5
TOP OF THE 4TH
Mile High Broncos batting - Pitching for Las Vegas Stars : RHP Tim Harmon
Batting: RHB Juan Jose Guevana 0-0: Ball
1-0: Foul Ball, location: 2F
1-1: Ball
2-1: Fly out, F9 (Flyball, 89M)
Batting: RHB Jesús Espinoza 0-0: Ball
1-0: Foul Ball, location: 2F
1-1: Ball
2-1: Foul Ball, location: 2F
2-2: Foul Ball, location: 2F
2-2: Foul Ball, location: 2F
2-2: SINGLE (Line Drive, 9LS)
Batting: RHB Ximena Campos 0-0: Ball
1-0: Called Strike
1-1: Swinging Strike
1-2: Strikes out swinging
Batting: RHB Su-kweon Yu 0-0: Swinging Strike
0-1: Fielders Choice at 2nd, U6 (Groundball, 6M)
Top of the 4th over - 0 run(s), 1 hit(s), 0 error(s), 1 left on base; Mile High 0 - Las Vegas 5
BOTTOM OF THE 4TH
Las Vegas Stars batting - Pitching for Mile High Broncos : RHP Dave Powers
Batting: RHB Bill McGrath 0-0: Called Strike
0-1: Foul Ball, location: 2F
0-2: Ground out U3 (Groundball, 3)
Batting: RHB Tae-kwon Kwon 0-0: Swinging Strike
0-1: Swinging Strike
0-2: Foul Ball, location: 2F
0-2: Strikes out swinging
Batting: RHB Brian George 0-0: Ball
1-0: Called Strike
1-1: Swinging Strike
1-2: Fly out, F5 (Popup, 56)
Bottom of the 4th over - 0 run(s), 0 hit(s), 0 error(s), 0 left on base; Mile High 0 - Las Vegas 5
TOP OF THE 5TH
Mile High Broncos batting - Pitching for Las Vegas Stars : RHP Tim Harmon
Batting: SHB Tom Stevens 0-0: Ground out 5-3 (Groundball, 56)
Batting: RHB Jung-ha Kim 0-0: Foul Ball, location: 2F
0-1: Swinging Strike
0-2: Strikes out looking
Batting: RHB Damian Yates 0-0: Fly out, F6 (Popup, 56)
Top of the 5th over - 0 run(s), 0 hit(s), 0 error(s), 0 left on base; Mile High 0 - Las Vegas 5
BOTTOM OF THE 5TH
Las Vegas Stars batting - Pitching for Mile High Broncos : RHP Dave Powers
Batting: RHB Cole Bradley 0-0: Called Strike
0-1: Called Strike
0-2: Strikes out swinging
Batting: LHB Ricardo Vargas 0-0: Fly out, F4 (Popup, 3L)
Batting: LHB Evan Slootweg 0-0: Ball
1-0: Called Strike
1-1: DOUBLE (Line Drive, 89M)
Batting: LHB Eliot Helen 0-0: Ball
1-0: Ball
2-0: Fly out, F8 (Flyball, 8RM)
Bottom of the 5th over - 0 run(s), 1 hit(s), 0 error(s), 1 left on base; Mile High 0 - Las Vegas 5
TOP OF THE 6TH
Mile High Broncos batting - Pitching for Las Vegas Stars : RHP Tim Harmon
Batting: RHB Phil White 0-0: Called Strike
0-1: Ball
1-1: Swinging Strike
1-2: Strikes out looking
Batting: RHB António Martínez 0-0: Called Strike
0-1: SINGLE (Groundball, 4M)
Batting: RHB Juan Jose Guevana 0-0: Ball
1-0: Foul Ball, location: 2F
1-1: Ball
2-1: Fly out, F7 (Line Drive, 7LD)
Batting: RHB Jesús Espinoza 0-0: Called Strike
0-1: Ball
1-1: Ball
2-1: Fly out, F7 (Line Drive, 7S)
Top of the 6th over - 0 run(s), 1 hit(s), 0 error(s), 1 left on base; Mile High 0 - Las Vegas 5
BOTTOM OF THE 6TH
Las Vegas Stars batting - Pitching for Mile High Broncos : RHP Dave Powers
Pitching: RHP Cristo Canó
Batting: RHB Vicente Salgado 0-0: Ball
1-0: Ball
2-0: Called Strike
2-1: Ball
3-1: Called Strike
3-2: Base on Balls
Batting: RHB Jeremy Atkins 0-0: Called Strike
0-1: Called Strike
0-2: Ball
1-2: Ball
2-2: Ball
3-2: Base on Balls
Vicente Salgado to second
Batting: RHB Bill McGrath 0-0: Ball
1-0: Ball
2-0: Called Strike
2-1: Foul Ball, location: 2F
2-2: Ball
3-2: Strikes out swinging
Batting: RHB Tae-kwon Kwon 0-0: Swinging Strike
0-1: Ball
1-1: Grounds into double play, 2-6-3 (Groundball, 2L)
Bottom of the 6th over - 0 run(s), 0 hit(s), 0 error(s), 1 left on base; Mile High 0 - Las Vegas 5
TOP OF THE 7TH
Mile High Broncos batting - Pitching for Las Vegas Stars : RHP Tim Harmon
Batting: RHB Ximena Campos 0-0: Ball
1-0: Ball
2-0: Ball
3-0: Called Strike
3-1: Swinging Strike
3-2: Base on Balls
Pitching: RHP Jorge Ibarra
Batting: RHB Su-kweon Yu 0-0: Reached on error, E6 (Groundball, 6)
Ximena Campos to second
Batting: SHB Tom Stevens 0-0: Called Strike
0-1: SINGLE (Line Drive, 7LM)
Ximena Campos to third
Su-kweon Yu to second
Runner from 3rd tries for Home, SAFE, no throw or cutoff
Batting: RHB Jung-ha Kim 0-0: Called Strike
0-1: Foul Ball, location: 2F
0-2: Ball
1-2: Strikes out swinging
Batting: RHB Damian Yates 0-0: Called Strike
0-1: Ball
1-1: DOUBLE (Line Drive, 9LS)
Su-kweon Yu scores
Tom Stevens to third
Batting: RHB Phil White 0-0: Ball
1-0: Swinging Strike
1-1: Foul Ball, location: 2F
1-2: Ball
2-2: Strikes out swinging
Batting: RHB António Martínez 0-0: SINGLE (Flyball, 89S)
Tom Stevens scores
Damian Yates to third
Runner from 3rd tries for Home, SAFE, throw made home
Batting: RHB Juan Jose Guevana 0-0: Ball
1-0: Ball
2-0: Foul Ball, location: 2F
2-1: Ground out 6-3 (Groundball, 6)
Top of the 7th over - 4 run(s), 3 hit(s), 1 error(s), 1 left on base; Mile High 4 - Las Vegas 5
BOTTOM OF THE 7TH
Las Vegas Stars batting - Pitching for Mile High Broncos : RHP Cristo Canó
Batting: RHB Brian George 0-0: Foul Ball, location: 2F
0-1: Ball
1-1: Ball
2-1: Fly out, F8 (Flyball, 8LD)
Batting: RHB Cole Bradley 0-0: Ball
1-0: Called Strike
1-1: Ground out 6-3 (Groundball, 6)
Batting: LHB Ricardo Vargas 0-0: Ball
1-0: Called Strike
1-1: Ball
2-1: Foul Ball, location: 2F
2-2: Ball
3-2: Foul Ball, location: 2F
3-2: Base on Balls
Batting: LHB Evan Slootweg 0-0: Ball
1-0: Foul Ball, location: 2F
1-1: Fly out, F8 (Flyball, 8LXD)
Bottom of the 7th over - 0 run(s), 0 hit(s), 0 error(s), 1 left on base; Mile High 4 - Las Vegas 5
TOP OF THE 8TH
Mile High Broncos batting - Pitching for Las Vegas Stars : RHP Jorge Ibarra
Pitching: RHP Mike Drader
Batting: RHB Jesús Espinoza 0-0: Ball
1-0: Called Strike
1-1: Fly out, F9 (Flyball, 9M)
Batting: RHB Ximena Campos 0-0: Ball
1-0: Fly out, F8 (Flyball, 8LXD)
Batting: RHB Su-kweon Yu 0-0: Called Strike
0-1: Ground out 6-3 (Groundball, 6M)
Top of the 8th over - 0 run(s), 0 hit(s), 0 error(s), 0 left on base; Mile High 4 - Las Vegas 5
BOTTOM OF THE 8TH
Las Vegas Stars batting - Pitching for Mile High Broncos : RHP Cristo Canó
Pitching: RHP Myoung-chul Im
Batting: LHB Eliot Helen 0-0: Foul Ball, location: 2F
0-1: Fly out, F4 (Popup, 3D)
Batting: RHB Vicente Salgado 0-0: Ball
1-0: Called Strike
1-1: Called Strike
1-2: Foul Ball, location: 2F
1-2: Ball
2-2: Foul Ball, location: 2F
2-2: Strikes out swinging
Batting: RHB Jeremy Atkins 0-0: Ball
1-0: Foul Ball, location: 2F
1-1: Fly out, F8 (Line Drive, 8LM)
Bottom of the 8th over - 0 run(s), 0 hit(s), 0 error(s), 0 left on base; Mile High 4 - Las Vegas 5
TOP OF THE 9TH
Mile High Broncos batting - Pitching for Las Vegas Stars : RHP Mike Drader
Pitching: RHP John Corrigan
Pinch Hitting: LHB Bill Houston 0-0: Swinging Strike
0-1: Swinging Strike
0-2: Ball
1-2: Strikes out swinging
Batting: RHB Jung-ha Kim 0-0: Ball
1-0: Called Strike
1-1: Foul Ball, location: 2F
1-2: Ball
2-2: Ball
3-2: Strikes out swinging
Batting: RHB Damian Yates 0-0: Reached on error, E6 (Groundball, 6)
Batting: RHB Phil White 0-0: TRIPLE (Line Drive, 78D)
Damian Yates scores
Batting: RHB António Martínez 0-0: Called Strike
0-1: Ball
1-1: Foul Ball, location: 2F
1-2: Ball
2-2: Strikes out swinging
Top of the 9th over - 1 run(s), 1 hit(s), 1 error(s), 1 left on base; Mile High 5 - Las Vegas 5
BOTTOM OF THE 9TH
Las Vegas Stars batting - Pitching for Mile High Broncos : RHP Myoung-chul Im
Pitching: RHP Yong-taek Yi
Now at 2B: Juan Gonzáles
Batting: RHB Bill McGrath 0-0: Called Strike
0-1: Fly out, F7 (Flyball, 78XD)
Pinch Hitting: LHB Juan Cabańas 0-0: Ball
1-0: Ball
2-0: Called Strike
2-1: Ball
3-1: Base on Balls
Pinch Hitting: SHB Santiago Farías 0-0: SINGLE (Line Drive, 6)
Juan Cabańas to second
Pinch Hitting: RHB Ron Shelton 0-0: Ball
1-0: Called Strike
1-1: Fly out, F8 (Flyball, 8LM)
Batting: LHB Ricardo Vargas 0-0: Ball
1-0: Foul Ball, location: 2F
1-1: Swinging Strike
1-2: Ball
2-2: Strikes out looking
Bottom of the 9th over - 0 run(s), 1 hit(s), 0 error(s), 2 left on base; Mile High 5 - Las Vegas 5
TOP OF THE 10TH
Mile High Broncos batting - Pitching for Las Vegas Stars : RHP John Corrigan
Now at C: Parker Marshall
Now at 1B: Ron Shelton
Now at SS: Tom Jacobson
Batting: RHB Juan Jose Guevana 0-0: Ball
1-0: Foul Ball, location: 2F
1-1: Ground out 6-3 (Groundball, 6M)
Batting: RHB Jesús Espinoza 0-0: Ball
1-0: Ball
2-0: SINGLE (Groundball, 34D)
Batting: RHB Ximena Campos 0-0: Ball
1-0: Ball
2-0: Called Strike
2-1: Swinging Strike
2-2: Strikes out looking
Batting: RHB Su-kweon Yu 0-0: Called Strike
0-1: Called Strike
0-2: Foul Ball, location: 2F
0-2: Ball
1-2: SINGLE (Groundball, 4MD)
Jesús Espinoza to second
Runner from 2nd tries for 3rd, SAFE, throw made to third
Batting: RHB Juan Gonzáles 0-0: SINGLE (Groundball, 4M)
Jesús Espinoza scores
Su-kweon Yu to second
Runner from 2nd tries for 3rd, SAFE, throw made to third
Batting: RHB Jung-ha Kim 0-0: Fly out, F8 (Flyball, 8LM)
Top of the 10th over - 1 run(s), 3 hit(s), 0 error(s), 2 left on base; Mile High 6 - Las Vegas 5
BOTTOM OF THE 10TH
Las Vegas Stars batting - Pitching for Mile High Broncos : RHP Yong-taek Yi
Now at SS: Vincente Ventura
Batting: LHB Evan Slootweg 0-0: Called Strike
0-1: Foul Ball, location: 2F
0-2: Foul Ball, location: 2F
0-2: Ball
1-2: Foul Ball, location: 2F
1-2: Ground out 4-3 (Groundball, 4M)
Batting: LHB Eliot Helen 0-0: Ball
1-0: Ball
2-0: Called Strike
2-1: Ball
3-1: Fly out, F8 (Flyball, 8RD)
Pinch Hitting: RHB Shih-k'ai Huang 0-0: Called Strike
0-1: Ball
1-1: Swinging Strike
1-2: SOLO HOME RUN (Line Drive, 7D), Distance : 401 ft
Batting: RHB Jeremy Atkins 0-0: Ball
1-0: Swinging Strike
1-1: Ball
2-1: Ball
3-1: Foul Ball, location: 2F
3-2: DOUBLE (Flyball, 89D)
Batting: RHB Bill McGrath 0-0: Ball
1-0: SINGLE (Groundball, 56D)
Jeremy Atkins to third
Runner from 3rd tries for Home, SAFE, no throw or cutoff
This league is powered by Out of the Park Baseball, the baseball management simulation game for PC, Mac and Linux
Wednesday, December 2nd, 2015 - OOTP Baseball 16.8 Build 38